 Dungeon Crawl Stone Soup version 0.21.1-1-g345015f (webtiles) character file.

20778 Lilu the Destroyer (level 12, -28/76 HPs)
             Began as a Deep Elf Conjurer on July 26, 2018.
             Was an Elder of Vehumet.
             Hit by a large rock thrown by a stone giant (51 damage)
             ... on level 1 of the Orcish Mines.
             The game lasted 01:58:37 (17537 turns).

Lilu the Destroyer (Deep Elf Conjurer)             Turns: 17537, Time: 01:58:38

Health: -28/76     AC:  5    Str: 14    XL:     12   Next: 48%
Magic:  26/28      EV: 20    Int: 24    God:    Vehumet [****..]
Gold:   926        SH:  4    Dex: 11    Spells: 9/32 levels left

rFire    . . .     SeeInvis .   R - staff of energy
rCold    + . .     Gourm    .   l - +0 buckler
rNeg     . . .     Faith    .   E - +1 robe of Ines {rC+ rCorr Str+2 Dex-4}
rPois    .         Spirit   .   x - +0 helmet
rElec    .         Reflect  .   (no cloak)
rCorr    +         Harm     .   (no gloves)
MR       +....                  O - +0 pair of boots
Stlth    ++........             F - amulet of regeneration
HPRegen  0.62/turn              j - +5 ring of evasion
MPRegen  0.21/turn              u - +5 ring of strength

@: studying Long Blades
A: no striking features
a: Renounce Religion


You were on level 1 of the Orcish Mines.
You worshipped Vehumet.
Vehumet was greatly pleased with you.
You were not hungry.

You visited 3 branches of the dungeon, and saw 14 of its levels.
You also visited: Sewer.

You collected 926 gold pieces.

Inventory:

Hand Weapons
 a - the +8 frozen axe "Frostbite" {freezing cloud, *Noise +Fly rC+}
   (You found it on level 10 of the Dungeon)

   It has been specially enchanted to freeze those struck by it, causing extra
   injury to most foes and up to half again as much damage against particularly
   susceptible opponents.
   It can also slow down cold-blooded creatures.
   It protects you from cold.
   It lets you fly.
   It may make noises in combat.
 y - a +2 flail of holy wrath
Missiles
 n - 128 stones (quivered)
 q - 300 arrows
 B - 33 poisoned needles
Armour
 l - a +0 buckler (worn)
 s - +0 acid dragon scales
 x - a +0 helmet (worn)
 E - the +1 robe of Ines (worn) {rC+ rCorr Str+2 Dex-4}
   (You found it on level 6 of the Dungeon)

   It affects your strength (+2).
   It affects your dexterity (-4).
   It protects you from cold.
   It protects you from acid and corrosion.
 O - a +0 pair of boots (worn)
 V - a +1 robe
Magical Staves
 K - an uncursed staff of poison
 R - an uncursed staff of energy (weapon)
Jewellery
 j - a +5 ring of evasion (left hand)
 o - an uncursed amulet of guardian spirit
 u - a +5 ring of strength (right hand)
 F - an amulet of regeneration (around neck)
Wands
 w - a wand of enslavement (11)
 D - a wand of acid (9)
 I - a wand of flame (37)
 N - a wand of paralysis (16)
 Q - a wand of digging (24)
 W - a wand of polymorph (11)
 X - a wand of iceblast (10)
Scrolls
 g - 3 scrolls of magic mapping {unknown}
 i - 8 scrolls of identify
 m - 5 scrolls of enchant weapon {unknown}
 p - 9 scrolls of remove curse
 r - 5 scrolls of teleportation
 t - a scroll of random uselessness {unknown}
 v - 2 scrolls of enchant armour {unknown}
 A - a scroll of noise {unknown}
 G - 2 scrolls of fog {unknown}
 H - a scroll of immolation {unknown}
 J - a scroll of vulnerability {unknown}
 P - a scroll of fear {unknown}
Potions
 d - a potion of haste {unknown}
 f - a potion of might {unknown}
 h - 7 potions of heal wounds
 k - 3 potions of degeneration {unknown}
 z - 2 potions of berserk rage {unknown}
 C - 4 potions of flight {unknown}
 L - a potion of curing {unknown}
 M - a potion of ambrosia {unknown}
 S - 2 potions of agility {unknown}
 U - a potion of resistance {unknown}
Books
 b - a book of Conjurations

   Spells                             Type                      Level
   a - Magic Dart                     Conjuration                  1
   b - Searing Ray                    Conjuration                  2
   c - Dazzling Spray                 Conjuration/Hexes            3
   d - Fulminant Prism                Conjuration/Hexes            4
   e - Force Lance                    Conjuration/Translocation    4
   f - Iskenderun's Mystic Blast      Conjuration                  4
 e - a book of Minor Magic

   Spells                             Type                      Level
   a - Magic Dart                     Conjuration                  1
   b - Blink                          Translocation                2
   c - Call Imp                       Summoning                    2
   d - Slow                           Hexes                        2
   e - Conjure Flame                  Conjuration/Fire             3
   f - Mephitic Cloud                 Conjuration/Poison/Air       3
 Z - a manual of Long Blades
Miscellaneous
 Y - a lightning rod (4/4)
Comestibles
 c - 15 rations
 T - 2 chunks of flesh


   Skills:
 - Level 9.0 Fighting
 - Level 8.0 Dodging
 - Level 2.4 Stealth
 - Level 2.1 Shields
 + Level 10.8 Spellcasting
 - Level 12.0 Conjurations
 - Level 4.0 Translocations
 * Level 9.7 Fire Magic
 - Level 2.2 Ice Magic
 - Level 2.0 Air Magic
 - Level 2.0 Poison Magic


You had 9 spell levels left.
You knew the following spells:

 Your Spells              Type           Power        Failure   Level  Hunger
a - Magic Dart            Conj           ####         1%          1    None
b - Searing Ray           Conj           ######       1%          2    None
c - Iskenderun's Mystic   Conj           ######..     1%          4    None
d - Mephitic Cloud        Conj/Pois/Air  #####...     1%          3    None
e - Conjure Flame         Conj/Fire      ######..     1%          3    None
f - Force Lance           Conj/Tloc      ######..     1%          4    None
g - Blink                 Tloc           N/A          1%          2    None
h - Throw Icicle          Conj/Ice       #####...     1%          4    None


Dungeon Overview and Level Annotations

Branches:
Dungeon (12/15)            Temple (1/1) D:5            Lair (0/6) D:10
    Orc (1/2) D:10

Altars:
Ashenzari
Elyvilon
Fedhas
Gozag
Hepliaklqana
Kikubaaqudgha
Makhleb
Nemelex Xobeh
Okawaru
Qazlal
Ru
Trog
Vehumet
Wu Jian
Xom
Yredelemnul
Zin
The Shining One

Shops:
D:4 [(   D:9 (   D:10 (


Message History

Search for what [Enter for "shop", or ? for help]? shop The stone giant shouts!
The stone giant throws a large rock.
The large rock hits you!!
You see here a large rock.
Press: ? - help, v - describe, . - travel
Here: a stone giant The floor.
Casting: Iskenderun's Mystic Blast
Confirm with . or Enter, or press ? or * to list all spells.
You can't see any susceptible monsters within range! (Use Z to cast anyway.)
The stone giant throws a large rock.
The large rock hits you!!
* * * LOW HITPOINT WARNING * * *
You see here a large rock.
Casting: Iskenderun's Mystic Blast
Confirm with . or Enter, or press ? or * to list all spells.
You blink.
There is a staircase back to the Dungeon here.
The stone giant throws a large rock.
The large rock hits you!!!
Ouch! That really hurt!
You die...

..................#.#
.....................
..>...........#.....
..............C##..##
...............##...#
..............###...# ##
..........#...C.#...####.##
.........##......#.#.##...#
........##......@.....#..#.##
>.......#((.................#
....#...................##.##
.....#.............#..###
.................##...#
.......$#.#.......##.##
.......###.........###
.......# #........##
.......$.....#.....


You could see a stone giant.

Vanquished Creatures
  Harold (D:11)
  Erolcha (D:11)
  The ghost of buskinjo the Frost Mage, a journeyman DrIE of Sif Muna (D:11)
  5 two-headed ogres
  The ghost of cribozai the Magician, a novice GnSk of Okawaru (D:8)
  Sonja (D:11)
  Pikel (D:2)
  2 ugly things
  An orc sorcerer (Orc:1)
  A manticore (D:10)
  Joseph (D:10)
  A yaktaur (D:9)
  A troll (D:10)
  A hippogriff (D:11)
  A hornet (D:10)
  Grinder (D:6)
  Prince Ribbit (D:6)
  A slime creature (D:7)
  A spriggan (D:8)
  Sigmund (D:3)
  15 yaks
  Edmund (D:6)
  An acid dragon (D:11)
  2 porcupines
  A black bear (D:9)
  A sky beast (D:5)
  Duvessa (D:6)
  4 ice beasts
  An orc warrior (D:9)
  2 slaves (D:4)
  2 phantoms
  5 ogres
  2 necrophages
  8 centaurs
  3 crocodiles (D:9)
  4 big kobolds
  Blork the orc (D:6)
  7 bullfrogs
  A gnoll sergeant (D:5)
  Dowan (D:6)
  5 scorpions
  5 wights
  13 killer bees
  10 howler monkeys
  3 crimson imps
  5 centaur zombies
  9 jellies
  6 hounds
  5 orc wizards
  4 bullfrog skeletons
  6 orc priests
  4 centaur skeletons
  Jessica (D:3)
  2 iguanas
  13 worker ants
  A hound zombie (D:7)
  2 hound skeletons (D:6)
  6 gnolls
  A howler monkey skeleton (D:9)
  13 adders
  A river rat (Sewer)
  14 oozes
  2 adder skeletons
  2 adder zombies (D:5)
  2 worms
  8 leopard geckos
  39 orcs
  10 giant cockroaches
  6 goblins
  2 hobgoblins
  8 jackals
  3 quokkas
  3 ball pythons
  4 bats
  5 frilled lizards
  A jackal zombie (D:6)
  20 kobolds
  13 rats
  A fungus (D:7)
346 creatures vanquished.

Vanquished Creatures (others)
  A kobold (D:11)
  A bush (D:10)
  11 fungi
  10 plants (D:10)
23 creatures vanquished.

Grand Total: 369 creatures vanquished

Notes
Turn   | Place    | Note
-------+----------+-------------------------------------------
     0 | D:1      | Lilu the Deep Elf Conjurer began the quest for the Orb.
     0 | D:1      | Reached XP level 1. HP: 10/10 MP: 6/6
   119 | D:1      | Reached XP level 2. HP: 15/15 MP: 6/8
   125 | D:1      | Reached skill level 5 in Conjurations
   613 | D:1      | Learned a level 2 spell: Searing Ray
   713 | D:2      | Reached XP level 3. HP: 19/19 MP: 4/9
  1314 | D:2      | Found a white marble altar of Elyvilon.
  1831 | D:3      | Noticed Jessica
  1834 | D:3      | Killed Jessica
  1834 | D:3      | Reached skill level 6 in Conjurations
  1834 | D:3      | Reached XP level 4. HP: 24/24 MP: 7/10
  2480 | D:3      | Learned a level 4 spell: Iskenderun's Mystic Blast
  2729 | D:3      | Reached skill level 7 in Conjurations
  2729 | D:3      | Reached XP level 5. HP: 28/28 MP: 6/11
  3070 | D:3      | Noticed Sigmund
  3223 | D:4      | Noticed an ogre
  3239 | D:4      | Killed an ogre
  3393 | D:4      | Reached skill level 8 in Conjurations
  3442 | D:4      | Noticed a centaur
  3472 | D:4      | Reached XP level 6. HP: 33/33 MP: 7/12
  3572 | D:4      | Found Qeawiu's Armour Boutique.
  3585 | D:4      | Noticed a slave
  3585 | D:4      | Noticed a slave
  3615 | D:4      | Killed a slave
  3792 | D:4      | Reached skill level 1 in Fighting
  3903 | D:4      | Found Bequk's Weapon Boutique.
  3965 | D:4      | Noticed Pikel
  3966 | D:4      | Noticed a slave
  3971 | D:4      | Noticed a slave
  4510 | D:4      | Reached XP level 7. HP: 28/40 MP: 2/15
  4777 | D:5      | Entered Level 5 of the Dungeon
  5296 | D:5      | Reached skill level 5 in Fighting
  5307 | D:5      | Found a sparkling altar of Nemelex Xobeh.
  5481 | D:5      | Reached XP level 8. HP: 41/49 MP: 9/16
  5527 | D:5      | Found a staircase to the Ecumenical Temple.
  5592 | Temple   | Entered the Ecumenical Temple
  5698 | Temple   | Became a worshipper of Vehumet
  6316 | D:3      | Killed Sigmund
  6595 | D:6      | Noticed Dowan
  6597 | D:6      | Killed Dowan
  6601 | D:6      | Noticed Duvessa
  6785 | D:6      | Found a glowing drain.
  6841 | Sewer    | Entered a sewer
  6942 | Sewer    | Found a glowing silver altar of Zin.
  7091 | D:6      | Got a fabulously ornate robe
  7102 | D:6      | Identified the +1 robe of Ines {rC+ rCorr Str+2 Dex-4} (You found it on level 6 of the Dungeon)
  7180 | D:6      | Reached * piety under Vehumet
  7180 | D:6      | Offered knowledge of Freeze by Vehumet.
  7196 | D:6      | Noticed Grinder
  7214 | D:6      | Paralysed by Grinder for 3 turns
  7223 | D:6      | Killed Grinder
  7404 | D:6      | Noticed Edmund
  7468 | D:6      | Killed Edmund
  7468 | D:6      | Reached XP level 9. HP: 51/59 MP: 2/17
  7584 | D:6      | Noticed Blork the orc
  7602 | D:6      | Killed Blork the orc
  7677 | D:6      | Noticed Prince Ribbit
  7692 | D:6      | Killed Prince Ribbit
  7698 | D:6      | Killed Duvessa
  7844 | D:6      | Learned a level 3 spell: Mephitic Cloud
  8106 | D:6      | Reached skill level 5 in Spellcasting
  8329 | D:2      | Killed Pikel
  8732 | D:7      | Noticed a two-headed ogre
  8781 | D:7      | Killed a two-headed ogre
  8781 | D:7      | Reached skill level 1 in Air Magic
  8781 | D:7      | Reached skill level 1 in Poison Magic
  8922 | D:7      | Reached XP level 10. HP: 59/66 MP: 17/24
  8927 | D:7      | HP: 3/66 [slime creature (15)]
  9246 | D:7      | Reached skill level 9 in Conjurations
  9650 | D:7      | Offered knowledge of Sandblast by Vehumet.
  9987 | D:8      | Reached ** piety under Vehumet
 10143 | D:8      | Reached skill level 10 in Conjurations
 10149 | D:8      | Noticed cribozai's ghost (novice GnSk)
 10608 | D:8      | Noticed a two-headed ogre
 10614 | D:8      | Killed a two-headed ogre
 10743 | D:8      | Reached skill level 11 in Conjurations
 10884 | D:8      | Killed cribozai's ghost
 11148 | D:8      | Learned a level 3 spell: Conjure Flame
 11153 | D:8      | Learned a level 4 spell: Force Lance
 11156 | D:8      | Learned a level 2 spell: Blink
 11314 | D:9      | Noticed a two-headed ogre
 11324 | D:9      | Killed a two-headed ogre
 11324 | D:9      | Reached skill level 12 in Conjurations
 11324 | D:9      | Reached skill level 1 in Translocations
 11324 | D:9      | Reached skill level 1 in Fire Magic
 11444 | D:9      | Found a shimmering altar of Xom.
 11630 | D:9      | Offered knowledge of Throw Frost by Vehumet.
 11630 | D:9      | Reached XP level 11. HP: 71/71 MP: 22/25
 11789 | D:9      | Got a scorched ring mail
 11800 | D:9      | Identified the cursed +0 ring mail of the Unbroken {rPois MP-9 Str+6} (You found it on level 9 of the Dungeon)
 11854 | D:9      | Found an ancient bone altar of Kikubaaqudgha.
 11857 | D:9      | Noticed a two-headed ogre
 11863 | D:9      | Killed a two-headed ogre
 12068 | D:9      | Found Kusosch's Weapon Shop.
 12125 | D:10     | Entered Level 10 of the Dungeon
 12212 | D:10     | Found Qeekk's Weapon Boutique.
 12448 | D:10     | Noticed a white ugly thing
 12509 | D:10     | Noticed Joseph
 12517 | D:9      | Reached *** piety under Vehumet
 12649 | D:10     | Paralysed by a hornet for 2 turns
 12792 | D:9      | Paralysed by a yaktaur for 4 turns
 12797 | D:9      | Reached skill level 10 in Spellcasting
 13512 | D:10     | Killed Joseph
 13660 | D:9      | Reached skill level 5 in Dodging
 13759 | D:10     | Offered knowledge of Throw Icicle by Vehumet.
 13795 | D:10     | Found a staircase to the Orcish Mines.
 13833 | D:10     | Learned a level 4 spell: Throw Icicle
 14097 | D:10     | Killed a white ugly thing
 14362 | D:10     | Found a staircase to the Lair.
 14537 | D:10     | Found the +8 frozen axe "Frostbite" {freezing cloud, *Noise +Fly rC+}
 14791 | D:10     | Reached skill level 1 in Ice Magic
 14953 | D:11     | Noticed Erolcha
 14997 | D:11     | Noticed a red ugly thing
 15004 | D:11     | Noticed a two-headed ogre
 15181 | D:11     | Noticed buskinjo's ghost (journeyman DrIE)
 15184 | D:11     | Killed Erolcha
 15184 | D:11     | Reached skill level 5 in Fire Magic
 15379 | D:11     | Killed a red ugly thing
 15401 | D:11     | Reached XP level 12. HP: 76/76 MP: 9/28
 15502 | D:11     | Killed buskinjo's ghost
 15695 | D:11     | Killed a two-headed ogre
 15865 | D:10     | Reached **** piety under Vehumet
 15936 | D:11     | Offered knowledge of Ignite Poison by Vehumet.
 16081 | D:11     | Noticed Harold
 16388 | D:11     | Killed Harold
 16984 | D:11     | Noticed Sonja
 16992 | D:11     | Killed Sonja
 17394 | Orc:1    | Entered Level 1 of the Orcish Mines
 17530 | Orc:1    | Noticed a stone giant
 17537 | Orc:1    | Hit by a large rock thrown by a stone giant

Skill      XL: |  1  2  3  4  5  6  7  8  9 10 11 12 |
---------------+-------------------------------------+-----
Conjurations   | 5 6 7 8 12 | 12.0
Fighting       | 2 5 8 9 |  9.0
Spellcasting   | 4 8 10 | 10.8
Shields        | 2 |  2.1
Air Magic      | 1 2 |  2.0
Poison Magic   | 2 |  2.0
Translocations | 1 4 |  4.0
Fire Magic     | 1 6 9 |  9.7
Dodging        | 8 |  8.0
Ice Magic      | 2 |  2.2
Stealth        | |  2.4

Action                   |  1- 3 |  4- 6 |  7- 9 | 10-12 || total
-------------------------+-------+-------+-------+-------++-------
Melee: Hand axe          |       |    18 |       |       ||    18
       Flail             |       |    29 |   163 |   160 ||   352
       Staff             |       |       |       |    56 ||    56
       Executioner's axe |       |       |       |    23 ||    23
 Cast: Magic Dart        |    49 |    36 |    30 |    94 ||   209
       Searing Ray       |     4 |    13 |    31 |    64 ||   112
       Iskenderun's Myst |       |    15 |    34 |   159 ||   208
       Mephitic Cloud    |       |       |       |    38 ||    38
       Force Lance       |       |       |       |     8 ||     8
       Blink             |       |       |       |    19 ||    19
       Conjure Flame     |       |       |       |     1 ||     1
Evoke: Staff of energy   |       |       |       |     1 ||     1
  Use: Scroll            |       |     2 |     2 |     2 ||     6
       Potion            |       |     1 |       |       ||     1
 Stab: Sleeping          |       |       |     3 |     3 ||     6
  Eat: Chunk             |     1 |     7 |    12 |    16 ||    36
       Ration            |     1 |     1 |     2 |     4 ||     8
Armor: Robe              |       |     3 |    31 |    67 ||   101
Dodge: Dodged            |     3 |    72 |   242 |   474 ||   791
Block: Buckler           |       |       |     1 |    85 ||    86
